 Dungeon Crawl Stone Soup version 0.30-a0-728-gc68057be0a (webtiles) character file.

Game seed: 11118485543106420163

494 porpoise the Poker (level 6, 0/49 HPs)
             Began as a Demonspawn Gladiator on Feb 1, 2023.
             Was an Initiate of Wu Jian.
             Slain by a gnoll
             ... wielding a +1 flail of pain
              (9 damage)
             ... on level 4 of the Dungeon.
             The game lasted 00:16:22 (3484 turns).

porpoise the Poker (Demonspawn Gladiator)           Turns: 3484, Time: 00:16:22

Health: 0/49       AC:  7    Str: 22    XL:     6   Next: 92%
Magic:  6/6        EV: 11    Int: 10    God:    Wu Jian [......]
Gold:   247        SH:  0    Dex: 14    Spells: 5/5 levels left

rFire   . . .      SeeInvis .    a - +0 trident
rCold   . . .      Faith    .    (no shield)
rNeg    . . .      Spirit   .    m - +0 ring mail
rPois   .          Reflect  .    c - +0 helmet
rElec   .          Harm     .    (no cloak)
rCorr   .          Rampage  .    (no gloves)
Will    .....                    j - +0 pair of boots
Stlth   +                        (no amulet)
HPRegen 0.28/turn                u - +6 ring of strength
MPRegen 0.10/turn                (no ring)

@: invisible
A: demonic magic 1, weakness stinger 1, demonic touch 2
a: Renounce Religion


You were on level 4 of the Dungeon.
You worshipped Wu Jian.
Wu Jian was noncommittal.
You visited 2 branches of the dungeon, and saw 5 of its levels.

You collected 247 gold pieces.

Inventory:

Hand Weapons
 a - a +0 trident (weapon)
 b - a +0 sling
Missiles
 d - a throwing net (quivered)
 e - a javelin
 g - 10 poisoned darts
Armour
 c - a +0 helmet (worn)
 j - a +0 pair of boots (worn)
 m - a +0 ring mail (worn)
Magical Staves
 h - a staff of fire
Jewellery
 u - a +6 ring of strength (left hand)
Wands
 y - a wand of mindburst (12)
Scrolls
 k - a scroll of fear {unknown}
 l - a scroll of magic mapping {unknown}
 n - a scroll of torment {unknown}
 p - a scroll of enchant armour {unknown}
 q - a scroll of teleportation {unknown}
 r - a scroll of fog
 v - a scroll of poison
 x - a scroll of enchant weapon {unknown}
Potions
 f - 2 potions of brilliance
 o - 3 potions of mutation
 s - a potion of heal wounds
 t - a potion of lignification {unknown}
 w - a potion of degeneration {unknown}
 z - a potion of attraction {unknown}


   Skills:
 + Level 4.5 Fighting
 * Level 6.1 Polearms
 - Level 1.7 Throwing
 - Level 2.6 Dodging


You had 5 spell levels left.
You didn't know any spells.
Your spell library contained the following spells:

 Spells                   Type           Power      Damage    Failure   Level
 Dazzling Flash           Conj/Hex       0%         N/A       88%         3
 Ignite Poison            Fire/Tmut/Pois 0%         N/A       88%         3
 Kindle Blastsparks       Fire/Tloc/Air  0%         2d10      88%         3
 Agony                    Necr           0%         N/A       100%        5
 Freezing Cloud           Conj/Ice/Air   0%         6-21      100%        5
 Silence                  Hex/Air        0%         N/A       100%        5


Dungeon Overview and Level Annotations

Branches:
Dungeon (4/15)             Temple (1/1) D:4

Altars:
Dithmenos
Kikubaaqudgha
Makhleb
Okawaru
Qazlal
Ru
Sif Muna
Trog
Uskayaw
Vehumet
Wu Jian
Xom

Annotations:
D:4 Dowan


Innate Abilities, Weirdness & Mutations

Spells you cast may paralyse adjacent enemies.
You have a small tail.
Your touch may inflict irresistible damage on your foes.


Message History

Aim: a gnoll, wielding a +0 flail (heavily wounded, unable to see you, about 34% to evade your +0 trident)
You hit the gnoll.
The gnoll is almost dead.
The gnoll barely misses you. The gnoll hits you with a +0 flail.
Reach: a) +0 trident
Press: ? - help, Dir - move target, f/p - gnoll
Aim: a gnoll, wielding a +0 flail (almost dead, unable to see you, about 34% to evade your +0 trident)
You catch the helpless gnoll completely off-guard!
You hit the gnoll. Your touch misses the gnoll.
The gnoll is almost dead.
The gnoll closely misses you. The gnoll barely misses you.
Reach: a) +0 trident
Press: ? - help, Dir - move target, f/p - gnoll
Aim: a gnoll, wielding a +0 flail (almost dead, unable to see you, about 34% to evade your +0 trident)
You puncture the gnoll!
You kill the gnoll!
The Council accepts your kill. The gnoll barely misses you.
Dowan, Brother of Duvessa comes into view.
He is wielding a +0 dagger and carrying a wand of digging (7).
Okay, then.
You closely miss the gnoll.
Dowan shouts!
You touch the gnoll!
The gnoll is almost dead.
The gnoll closely misses you.
The gnoll hits you with a +1 flail of pain.
You hit the gnoll but do no damage.
The gnoll is almost dead.
The gnoll hits you with a +0 halberd.
* * * LOW HITPOINT WARNING * * *
The gnoll closely misses you.
You closely miss the gnoll.
The gnoll is almost dead.
The gnoll barely misses you. The gnoll closely misses you.
You closely miss the gnoll.
The gnoll is almost dead.
The gnoll hits you with a +0 halberd.
* * * LOW HITPOINT WARNING * * *
The gnoll hits you with a +1 flail of pain!
You die...

#. .######### #.# .[.......#
#.# .......g@##### #.# #
.......g)....# #.### #
....e....###.####.#.##### #
........)'..(............ ##
........)###)............ .#
#~≈≈~.####.........###.#.####.
.# ~~≈≈~ #.........# #.#.# #.
.##~≈≈~~ #.........# #.#.# #.
.#~~≈≈~#
...........###.#.####.


You could see Dowan (wandering, unable to see you) and 2 gnolls.

Vanquished Creatures
  Duvessa (D:4)
  An ice beast (D:4)
  Blork the orc (D:4)
  An orc wizard (D:4)
  Ijyb (D:4)
  2 gnolls (D:4)
  6 adders
  3 worms
  2 dart slugs
  5 orcs (D:4)
  4 bats (D:1)
  8 endoplasms
  4 giant cockroaches
  12 hobgoblins
  7 jackals
  A quokka (D:3)
  12 ball pythons
  6 frilled lizards
  3 goblins
  6 kobolds
  10 rats
96 creatures vanquished.

Notes
Turn   | Place    | Note
-------+----------+-------------------------------------------
     0 | D:1      | porpoise the Demonspawn Gladiator began the quest for the
                  | Orb.
     0 | D:1      | Reached XP level 1. HP: 16/16 MP: 1/1
    81 | D:1      | Reached skill level 3 in Polearms
   125 | D:1      | Gained mutation: Spells you cast may paralyse adjacent
                  | enemies. [demonic ancestry]
   125 | D:1      | Reached XP level 2. HP: 22/22 MP: 2/2
   201 | D:1      | Found a faded altar of an unknown god.
   471 | D:1      | Discovered your monstrous ancestry.
   471 | D:1      | Gained mutation: Your touch may inflict minor irresistible
                  | damage on your foes. [demonic ancestry]
   471 | D:1      | Reached XP level 3. HP: 28/28 MP: 3/3
  1174 | D:2      | Reached skill level 4 in Polearms
  1352 | D:2      | Gained mutation: You have a small tail. [demonic ancestry]
  1352 | D:2      | Reached XP level 4. HP: 34/34 MP: 4/4
  1708 | D:3      | Found an ornate altar of the Wu Jian Council.
  1726 | D:3      | Noticed a spectral centipede
  1726 | D:3      | Noticed a spectral black mamba
  1726 | D:3      | Noticed a spectral cane toad
  1731 | D:3      | Became a worshipper of the Wu Jian Council
  2521 | D:4      | Noticed Blork the orc
  2529 | D:4      | Killed Blork the orc
  2530 | D:4      | Gained mutation: Your touch may inflict irresistible damage
                  | on your foes. [demonic ancestry]
  2530 | D:4      | Reached XP level 5. HP: 33/41 MP: 5/5
  2616 | D:4      | Reached skill level 5 in Polearms
  2813 | D:4      | Found a staircase to the Ecumenical Temple.
  2829 | Temple   | Entered the Ecumenical Temple
  3024 | D:4      | Found a hide-covered altar of Uskayaw.
  3188 | D:4      | Noticed an ice beast
  3201 | D:4      | Killed an ice beast
  3202 | D:4      | Reached XP level 6. HP: 11/48 MP: 6/6
  3340 | D:4      | Noticed Ijyb
  3352 | D:4      | Killed Ijyb
  3376 | D:4      | Noticed Duvessa
  3473 | D:4      | Killed Duvessa
  3474 | D:4      | Reached skill level 6 in Polearms
  3479 | D:4      | Noticed Dowan
  3484 | D:4      | Slain by a gnoll

Illustrated notes

Levels and vault maps discovered:
D:1:      shiori_shiawase, layout_loops_ring,
          shapermc_ecumenical_altar_starsandcircs, st_stairs_13,
          minmay_tetromino_i2
D:2:      layout_basic, grunt_decor_resistance, st_stairs_5
D:3:      layout_rooms, pdpol_wu_jian_five_deadly_venoms,
          amcnicky_mini_rare_corridor_liquid
D:4:      wander_river, layout_basic, mainiacjoe_overflow_alcove_1,
          lemuel_crystal_altar, minmay_temple_entry_trees, uniq_blork_the_orc,
          uniq_natasha, uniq_ijyb, uniq_duvessa, uniq_crazy_yiuf_cottage
Temple:   nicolae_temple_bog_church

Skill      XL: |  1  2  3  4  5  6 |
---------------+-------------------+-----
Polearms       | 3 4 5 6 |  6.1
Fighting       | 3 4 |  4.5
Throwing       | |  1.7
Dodging        | |  2.6

Action                     |  1- 3 |  4- 6 || total
---------------------------+-------+-------++-------
  Melee: Trident           |   146 |   109 ||   255
         Touch             |     9 |    16 ||    25
         Tailslap          |       |     9 ||     9
         Punch             |       |     4 ||     4
   Fire: Sling             |       |     2 ||     2
  Throw: Throwing net      |       |     3 ||     3
Ability: Lunge             |       |     6 ||     6
    Use: Scroll            |       |     6 ||     6
         Potion            |       |     1 ||     1
   Stab: Sleeping          |     3 |       ||     3
         Held in net/web   |       |     3 ||     3
         Invisible         |       |     3 ||     3
 Armour: Leather armour    |    33 |    10 ||    43
         Ring mail         |       |    13 ||    13
  Dodge: Dodged            |    78 |    41 ||   119

Table legend: (Time is in decaauts)
 A = Elapsed time spent in this place.
 B = Non-inter-level travel time spent in this place.
 C = Inter-level travel time spent in this place.
 D = Time resting spent in this place.
 E = Time spent auto-exploring this place.
 F = Levels seen in this place.
 G = Mean time per level.
                   A        B        C        D        E       F      G
               +--------+--------+--------+--------+--------+-----+--------+
         Total |   3515 |   3373 |    142 |    736 |   1886 |   5 |  703.0 |
       Dungeon |   3336 |   3207 |    129 |    736 |   1728 |   4 |  834.0 |
        Temple |    179 |    167 |     12 |      0 |    157 |   1 |  179.0 |
               +--------+--------+--------+--------+--------+-----+--------+

Top non-repeatable levels by time:
     D:4: 985 daAuts
     D:2: 971 daAuts
     D:1: 755 daAuts
     D:3: 623 daAuts
  Temple: 179 daAuts
